 Dungeon Crawl Stone Soup version 0.29.0-11-gd7f09526c8 (webtiles) character file.

Game seed: 4313756604058382199

1 blackman the Sneak (level 1, -1/18 HPs)
             Began as a Demonspawn Delver on Sept 2, 2022.
             Was an Initiate of Qazlal.
             Slain by an adder (2 damage)
             ... on level 5 of the Dungeon.
             The game lasted 00:01:18 (622 turns).

blackman the Sneak (Demonspawn Delver)               Turns: 622, Time: 00:01:19

Health: -1/18      AC:  3    Str: 12    XL:     1   Next: 16%
Magic:  1/1        EV: 11    Int: 11    God:    Qazlal [......]
Gold:   15         SH:  0    Dex: 14    Spells: 0/0 levels left

rFire   . . .      SeeInvis .   a - +0 hand axe
rCold   . . .      Faith    .   (no shield)
rNeg    . . .      Spirit   .   b - +0 leather armour
rPois   .          Reflect  .   (no helmet)
rElec   .          Harm     .   (no cloak)
rCorr   .          Rampage  .   (no gloves)
Will    .....                   (no boots)
Stlth   ++........              (no amulet)
HPRegen 0.06/turn               (no ring)
MPRegen 0.07/turn               (no ring)

@: no status effects
A: no striking features
a: Renounce Religion


You were on level 5 of the Dungeon.
You worshipped Qazlal.
Qazlal was noncommittal.
You visited 2 branches of the dungeon, and saw 2 of its levels.

You collected 15 gold pieces.

Inventory:

Hand Weapons
 a - a +0 hand axe (weapon)
Armour
 b - a +0 leather armour (worn)
Scrolls
 c - a scroll of fog
 d - a scroll of magic mapping


   Skills:
 - Level 3.0 Fighting
 + Level 1.9 Axes
 - Level 1.7 Dodging
 - Level 4.5 Stealth


You couldn't memorise any spells.
You didn't know any spells.
Your spell library was empty.

Dungeon Overview and Level Annotations

Branches:
Dungeon (5/15)             Temple (1/1) D:5

Altars:
Ashenzari
Cheibriados
Dithmenos
Fedhas
Gozag
Hepliaklqana
Kikubaaqudgha
Nemelex Xobeh
Qazlal
Ru
Trog
Uskayaw
Vehumet
Wu Jian
Yredelemnul


Message History

* * * LOW HITPOINT WARNING * * *
Okay, then.
Unknown command.
You see here a jackal corpse.
Aiming: Dig
Press: ? - help, Shift-Dir - straight line A rock wall.
The rock shatters into small pieces.
Aiming: Dig
Press: ? - help, Shift-Dir - straight line A rock wall.
The rock shatters into small pieces.
You feel yourself slow down. The adder bites you but does no damage.
The adder completely misses you. The adder completely misses you.
The adder closely misses you. The adder attacks as you move away!
The adder closely misses you. The adder completely misses you.
Aiming: Dig
Press: ? - help, Shift-Dir - straight line A rock wall.
The rock shatters into small pieces.
The now-empty wand crumbles to dust.
The adder barely misses you. The adder attacks as you move away!
The adder barely misses you. The adder attacks as you move away!
The adder closely misses you. The adder barely misses you.
The adder attacks as you move away! The adder bites you but does no damage.
The adder bites you.
* * * LOW HITPOINT WARNING * * *
The adder attacks as you move away! The adder misses you.
The adder attacks as you move away! The adder bites you but does no damage.
The adder bites you but does no damage. The adder closely misses you.
The adder bites you.
* * * LOW HITPOINT WARNING * * *
The adder attacks as you move away! The adder closely misses you.
The adder barely misses you.
You see here 3 boomerangs.
The adder attacks as you move away! The adder bites you.
You die...

.#
#############.#
#...h.?.......#
###.####......#
##h..h......#.#
##.######.#.##.#
##J#######.#....#
#...h....#.#....#
#########h.####@#
##.## #S#
#..###.# #.#h##h#
#.##.#h# #.###..#
#.#.# #.# ##.#
#!#.# #.# #.#
#.#.# #.# #.#
#...#


You could see an adder and 2 jackals.

Vanquished Creatures
  A jackal (D:5)
1 creature vanquished.

Notes
Turn   | Place    | Note
-------+----------+-------------------------------------------
     0 | D:5      | blackman the Demonspawn Delver began the quest for the Orb.
     0 | D:5      | Reached XP level 1. HP: 18/18 MP: 1/1
    65 | D:5      | Noticed a hound
    70 | D:5      | Found a staircase to the Ecumenical Temple.
    72 | D:5      | Noticed a jelly
    78 | Temple   | Entered the Ecumenical Temple
   499 | Temple   | Became a worshipper of Qazlal Stormbringer
   622 | D:5      | Slain by an adder

Illustrated notes

Levels and vault maps discovered:
D:5:      layout_basic, minmay_temple_entry_junction
Temple:   regret_index_temple_waves

Action                   || total
-------------------------++-------
Melee: Hand axe          ||    15
Evoke: Wand              ||     3
  Use: Scroll            ||     1
       Potion            ||     1
Armor: Leather armour    ||    13
Dodge: Dodged            ||    25
